PL
ATLANTA SMOKE @ TOLEDO TITANS
07/21/2019
 
TOP OF THE 1ST
Atlanta Smoke batting - Pitching for Toledo Titans : RHP Wayne Hurst
Pitching: RHP Wayne Hurst
Batting: RHB Nathan Horton 0-0: Called Strike
0-1: Foul Ball, location: 2F
0-2: Ball
1-2: Foul Ball, location: 2F
1-2: Strikes out swinging
Batting: RHB Mal Bussard 0-0: Ball
1-0: Swinging Strike
1-1: Ball
2-1: Foul Ball, location: 2F
2-2: Ball
3-2: Strikes out swinging
Batting: LHB Albert Morán 0-0: Ball
1-0: Called Strike
1-1: Ball
2-1: SOLO HOME RUN (Flyball, 9D), Distance : 389 ft
Batting: LHB Armando Esparza 0-0: Swinging Strike
0-1: Called Strike
0-2: Ball
1-2: Strikes out swinging
Top of the 1st over - 1 run(s), 1 hit(s), 0 error(s), 0 left on base; Atlanta 1 - Toledo 0
BOTTOM OF THE 1ST
Toledo Titans batting - Pitching for Atlanta Smoke : RHP Stuart Lee
Pitching: RHP Stuart Lee
Batting: SHB Mustapha Gonzales 0-0: Ball
1-0: Bunted foul
1-1: Ball
2-1: Ball
3-1: Foul Ball, location: 2F
3-2: Foul Ball, location: 2F
3-2: Ground out 4-3 (Groundball, 4)
Batting: RHB Robbie Roach 0-0: Called Strike
0-1: Ball
1-1: Ball
2-1: Called Strike
2-2: Strikes out swinging
Batting: LHB Michael Neely 0-0: Called Strike
0-1: Foul Ball, location: 2F
0-2: Foul Ball, location: 2F
0-2: Ball
1-2: Foul Ball, location: 2F
1-2: Ground out 6-3 (Groundball, 56)
Bottom of the 1st over - 0 run(s), 0 hit(s), 0 error(s), 0 left on base; Atlanta 1 - Toledo 0
TOP OF THE 2ND
Atlanta Smoke batting - Pitching for Toledo Titans : RHP Wayne Hurst
Batting: RHB Nate Cates 0-0: Ball
1-0: Ball
2-0: Called Strike
2-1: Ball
3-1: Foul Ball, location: 2F
3-2: Base on Balls
Batting: RHB Leandro Tuzzi 0-0: Called Strike
0-1: Called Strike
0-2: Grounds into double play, U4-3 (Groundball, 4M)
Batting: LHB Mike Blue 0-0: Foul Ball, location: 2F
0-1: Ball
1-1: Swinging Strike
1-2: Foul Ball, location: 2F
1-2: Ball
2-2: Strikes out swinging
Top of the 2nd over - 0 run(s), 0 hit(s), 0 error(s), 0 left on base; Atlanta 1 - Toledo 0
BOTTOM OF THE 2ND
Toledo Titans batting - Pitching for Atlanta Smoke : RHP Stuart Lee
Batting: RHB Enrique Pérez 0-0: Ball
1-0: Ball
2-0: Ball
3-0: Base on Balls
Batting: LHB Pedro Willis 0-0: Foul Ball, location: 2F
0-1: Ball
1-1: Ball
2-1: Called Strike
2-2: Strikes out looking
Batting: RHB Casey Washington 0-0: Called Strike
0-1: Ball
1-1: Foul Ball, location: 2F
1-2: Grounds into double play, 6-4-3 (Groundball, 6M)
Bottom of the 2nd over - 0 run(s), 0 hit(s), 0 error(s), 0 left on base; Atlanta 1 - Toledo 0
TOP OF THE 3RD
Atlanta Smoke batting - Pitching for Toledo Titans : RHP Wayne Hurst
Batting: RHB Walt Richard 0-0: Called Strike
0-1: Foul Ball, location: 2F
0-2: Fly out, F8 (Flyball, 8RM)
Batting: SHB Stuart Lee 0-0: Called Strike
0-1: Foul Ball, location: 2F
0-2: Foul Ball, location: 2F
0-2: Ball
1-2: Foul Ball, location: 2F
1-2: Foul Ball, location: 2F
1-2: Ball
2-2: Strikes out swinging
Batting: RHB Nathan Horton 0-0: Called Strike
0-1: Ball
1-1: Fly out, F7 (Line Drive, 7M)
Top of the 3rd over - 0 run(s), 0 hit(s), 0 error(s), 0 left on base; Atlanta 1 - Toledo 0
BOTTOM OF THE 3RD
Toledo Titans batting - Pitching for Atlanta Smoke : RHP Stuart Lee
Batting: LHB David Martínez 0-0: Ball
1-0: Fly out, F9 (Flyball, 89S)
Batting: RHB Harris Harden 0-0: Swinging Strike
0-1: Swinging Strike
0-2: Strikes out swinging
Batting: RHB Wayne Hurst 0-0: Swinging Strike
0-1: Called Strike
0-2: Strikes out swinging
Bottom of the 3rd over - 0 run(s), 0 hit(s), 0 error(s), 0 left on base; Atlanta 1 - Toledo 0
TOP OF THE 4TH
Atlanta Smoke batting - Pitching for Toledo Titans : RHP Wayne Hurst
Batting: RHB Mal Bussard 0-0: SOLO HOME RUN (Line Drive, 78XD), Distance : 443 ft
Batting: LHB Albert Morán 0-0: Called Strike
0-1: Ball
1-1: Foul Ball, location: 2F
1-2: Ball
2-2: SINGLE (Line Drive, 7S)
Batting: LHB Armando Esparza 0-0: Called Strike
Albert Morán steals 2nd base
0-1: Ball
1-1: Called Strike
1-2: Fly out, F8 (Flyball, 8LD)
Runner from 2nd tags up, SAFE at 3rd, no throw
Batting: RHB Nate Cates 0-0: Ball
1-0: Called Strike
1-1: DOUBLE (Line Drive, 5L)
Albert Morán scores
Batting: RHB Leandro Tuzzi 0-0: Swinging Strike
0-1: Ball
1-1: Foul Ball, location: 2F
1-2: Ball
2-2: Ball
Passed Ball!
Nate Cates to third
3-2: Base on Balls
Batting: LHB Mike Blue 0-0: Called Strike
0-1: Called Strike
0-2: Strikes out swinging
Batting: RHB Walt Richard 0-0: Called Strike
0-1: Swinging Strike
0-2: Foul Ball, location: 2F
0-2: Strikes out swinging
Top of the 4th over - 2 run(s), 3 hit(s), 0 error(s), 2 left on base; Atlanta 3 - Toledo 0
BOTTOM OF THE 4TH
Toledo Titans batting - Pitching for Atlanta Smoke : RHP Stuart Lee
Batting: SHB Mustapha Gonzales 0-0: Ball
1-0: Ground out 4-3 (Groundball, 34)
Batting: RHB Robbie Roach 0-0: Ball
1-0: Ground out 1-3 (Groundball, 13S)
Batting: LHB Michael Neely 0-0: Ball
1-0: Ball
2-0: Called Strike
2-1: Ball
3-1: Base on Balls
Batting: RHB Enrique Pérez 0-0: Called Strike
0-1: Called Strike
0-2: Ball
1-2: Strikes out swinging
Bottom of the 4th over - 0 run(s), 0 hit(s), 0 error(s), 1 left on base; Atlanta 3 - Toledo 0
TOP OF THE 5TH
Atlanta Smoke batting - Pitching for Toledo Titans : RHP Wayne Hurst
Batting: SHB Stuart Lee 0-0: Ball
1-0: Ground out 4-3 (Groundball, 4)
Batting: RHB Nathan Horton 0-0: Ball
1-0: Ball
2-0: Ground out 6-3 (Groundball, 6)
Batting: RHB Mal Bussard 0-0: Ball
1-0: Foul Ball, location: 2F
1-1: Ball
2-1: Foul Ball, location: 2F
2-2: Ball
3-2: Foul Ball, location: 2F
3-2: Strikes out swinging
Top of the 5th over - 0 run(s), 0 hit(s), 0 error(s), 0 left on base; Atlanta 3 - Toledo 0
BOTTOM OF THE 5TH
Toledo Titans batting - Pitching for Atlanta Smoke : RHP Stuart Lee
Batting: LHB Pedro Willis 0-0: Foul Ball, location: 2F
0-1: Ground out 3-1 (Groundball, 34)
Batting: RHB Casey Washington 0-0: Ball
1-0: Ground out 1-3 (Groundball, 23)
Batting: LHB David Martínez 0-0: SINGLE (Line Drive, 56)
Batting: RHB Harris Harden 0-0: Called Strike
David Martínez steals 2nd base
0-1: Foul Ball, location: 2F
0-2: Strikes out swinging
Bottom of the 5th over - 0 run(s), 1 hit(s), 0 error(s), 1 left on base; Atlanta 3 - Toledo 0
TOP OF THE 6TH
Atlanta Smoke batting - Pitching for Toledo Titans : RHP Wayne Hurst
Batting: LHB Albert Morán 0-0: Ball
1-0: Ball
2-0: Swinging Strike
2-1: Foul Ball, location: 2F
2-2: Fly out, F8 (Line Drive, 8RXD)
Batting: LHB Armando Esparza 0-0: Ball
1-0: Foul Ball, location: 2F
1-1: Ball
2-1: Ball
3-1: Called Strike
3-2: Strikes out swinging
Batting: RHB Nate Cates 0-0: Ball
1-0: Ball
2-0: Ball
3-0: Base on Balls
Batting: RHB Leandro Tuzzi 0-0: Ball
1-0: Called Strike
1-1: Swinging Strike
1-2: Ball
2-2: Ball
Passed Ball!
Nate Cates to second
3-2: Foul Ball, location: 2F
3-2: Fly out, F9 (Flyball, 89D)
Top of the 6th over - 0 run(s), 0 hit(s), 0 error(s), 1 left on base; Atlanta 3 - Toledo 0
BOTTOM OF THE 6TH
Toledo Titans batting - Pitching for Atlanta Smoke : RHP Stuart Lee
Pinch Hitting: LHB Rick Harrison 0-0: Ball
1-0: Ball
2-0: Swinging Strike
2-1: Called Strike
2-2: SINGLE (Line Drive, 4M)
Batting: SHB Mustapha Gonzales 0-0: Called Strike
Rick Harrison steals 2nd base
0-1: Foul Ball, location: 2F
0-2: DOUBLE (Line Drive, 5D)
Rick Harrison scores
Batting: RHB Robbie Roach 0-0: Ball
1-0: Ball
2-0: Ball
3-0: Called Strike
3-1: Called Strike
3-2: Base on Balls
Batting: LHB Michael Neely 0-0: Called Strike
0-1: Ball
1-1: SINGLE (Groundball, 56D)
Mustapha Gonzales to third
Robbie Roach to second
Runner from 3rd tries for Home, throw and OUT!
Batting: RHB Enrique Pérez 0-0: Swinging Strike
0-1: Ball
1-1: Grounds into double play, 6-4-3 (Groundball, 6)
Bottom of the 6th over - 1 run(s), 3 hit(s), 0 error(s), 1 left on base; Atlanta 3 - Toledo 1
TOP OF THE 7TH
Atlanta Smoke batting - Pitching for Toledo Titans : RHP Wayne Hurst
Pitching: RHP António Lucero
Batting: LHB Mike Blue 0-0: Ball
1-0: Ball
2-0: Ball
3-0: Called Strike
3-1: Reached on error, E4 (Groundball, 34)
Batting: RHB Walt Richard 0-0: Swinging Strike
0-1: Swinging Strike
0-2: Strikes out swinging
Batting: SHB Stuart Lee 0-0: Sac Bunt - play at first, batter OUT! 1-4
Mike Blue to second
Batting: RHB Nathan Horton 0-0: Ball
1-0: Foul Ball, location: 2F
1-1: SINGLE (Line Drive, 56D)
Mike Blue to third
Batting: RHB Mal Bussard 0-0: Foul Ball, location: 2F
0-1: SINGLE (Groundball, 25) (infield hit)
Mike Blue scores
Nathan Horton to second
Batting: LHB Albert Morán 0-0: SINGLE (Line Drive, 3L)
Nathan Horton to third
Mal Bussard to second
Runner from 3rd tries for Home, SAFE, no throw or cutoff
Batting: LHB Armando Esparza 0-0: Called Strike
0-1: Ball
1-1: Ball
2-1: Swinging Strike
2-2: Foul Ball, location: 2F
2-2: Foul Ball, location: 2F
2-2: Strikes out swinging
Top of the 7th over - 2 run(s), 3 hit(s), 1 error(s), 2 left on base; Atlanta 5 - Toledo 1
BOTTOM OF THE 7TH
Toledo Titans batting - Pitching for Atlanta Smoke : RHP Stuart Lee
Batting: LHB Pedro Willis 0-0: SINGLE (Line Drive, 34D)
Batting: RHB Casey Washington 0-0: Fly out, F8 (Flyball, 8LM)
Batting: LHB David Martínez 0-0: Swinging Strike
0-1: Swinging Strike
0-2: Ball
1-2: Ball
2-2: Ball
3-2: SINGLE (Line Drive, 6D)
Pedro Willis to second
Batting: RHB Harris Harden 0-0: Ball
1-0: Called Strike
1-1: Called Strike
1-2: Foul Ball, location: 2F
1-2: Strikes out swinging
Pinch Hitting: RHB Brad Brown 0-0: Ball
1-0: Ball
2-0: Ball
3-0: Called Strike
3-1: Called Strike
3-2: Base on Balls
Pedro Willis to third
David Martínez to second
Batting: SHB Mustapha Gonzales 0-0: Ball
1-0: Ball
2-0: Ball
3-0: Called Strike
3-1: Base on Balls
Pedro Willis scores
David Martínez to third
Brad Brown to second
Pitching: RHP Brandon Bannatyne
Batting: RHB Robbie Roach 0-0: Swinging Strike
0-1: SINGLE (Groundball, 6)
David Martínez scores
Brad Brown to third
Mustapha Gonzales to second
Runner from 3rd tries for Home, SAFE, no throw or cutoff
Batting: LHB Michael Neely 0-0: Called Strike
0-1: Swinging Strike
0-2: Foul Ball, location: 2F
0-2: Foul Ball, location: 2F
0-2: Strikes out swinging
Bottom of the 7th over - 3 run(s), 3 hit(s), 0 error(s), 2 left on base; Atlanta 5 - Toledo 4
TOP OF THE 8TH
Atlanta Smoke batting - Pitching for Toledo Titans : RHP António Lucero
Pitching: RHP Ryoichi Maruyama
Batting: RHB Nate Cates 0-0: Ball
1-0: Foul Ball, location: 2F
1-1: Called Strike
1-2: Ball
2-2: Ball
3-2: Strikes out looking
Batting: RHB Leandro Tuzzi 0-0: Ground out U3 (Groundball, 3S)
Batting: LHB Mike Blue 0-0: Ball
1-0: Ball
2-0: Ball
3-0: Called Strike
3-1: Called Strike
3-2: Base on Balls
Pinch Hitting: RHB Russell Jackson 0-0: SINGLE (Groundball, 5D)
Mike Blue to second
Pinch Hitting: LHB Cristián Baca 0-0: Ball
1-0: DOUBLE (Groundball, 3L)
Mike Blue scores
Russell Jackson to third
Batting: RHB Nathan Horton 0-0: Ball
1-0: Called Strike
1-1: Ball
2-1: Ground out 6-3 (Groundball, 6)
Top of the 8th over - 1 run(s), 2 hit(s), 0 error(s), 2 left on base; Atlanta 6 - Toledo 4
BOTTOM OF THE 8TH
Toledo Titans batting - Pitching for Atlanta Smoke : RHP Brandon Bannatyne
Pitching: RHP Fred Pitts
Now in RF: Stan Hughes
Batting: RHB Enrique Pérez 0-0: Called Strike
0-1: Ball
1-1: SINGLE (Flyball, 9M)
Pitching: LHP Rick Payne
Batting: LHB Pedro Willis 0-0: Ball
1-0: Called Strike
1-1: Foul Ball, location: 2F
1-2: Foul Ball, location: 2F
1-2: Foul Ball, location: 2F
1-2: Strikes out swinging
Pitching: RHP Mike Farrell
Batting: RHB Casey Washington 0-0: Ball
1-0: Foul Ball, location: 2F
1-1: DOUBLE (Flyball, 78D)
Enrique Pérez to third
Pitching: LHP José Guerrero
Batting: LHB David Martínez 0-0: Ground out 1-3 (Groundball, 13S)
Pitching: RHP Lance Hodges
Batting: RHB Harris Harden 0-0: Ball
1-0: Called Strike
1-1: Ball
2-1: Foul Ball, location: 2F
2-2: Ball
3-2: SINGLE (Groundball, 34D)
Enrique Pérez scores
Casey Washington to third
Casey Washington scores
Pinch Hitting: RHB Sherman Davis 0-0: Ball
1-0: Ball
2-0: Ball
3-0: Called Strike
3-1: Fielders Choice at 2nd, U4 (Groundball, 4M)
Bottom of the 8th over - 2 run(s), 3 hit(s), 0 error(s), 1 left on base; Atlanta 6 - Toledo 6
TOP OF THE 9TH
Atlanta Smoke batting - Pitching for Toledo Titans : RHP Ryoichi Maruyama
Pitching: RHP Adrián Ramos
Batting: RHB Mal Bussard 0-0: Swinging Strike
0-1: Called Strike
0-2: Strikes out looking
Batting: LHB Albert Morán 0-0: Swinging Strike
0-1: Foul Ball, location: 2F
0-2: SOLO HOME RUN (Flyball, 89XD), Distance : 433 ft
Pitching: RHP Eric Miller
Batting: LHB Armando Esparza 0-0: Ball
1-0: Ball
2-0: Ball
3-0: Called Strike
3-1: Base on Balls
Batting: RHB Nate Cates 0-0: Ball
1-0: Ball
2-0: Ball
3-0: Base on Balls
Armando Esparza to second
Batting: RHB Leandro Tuzzi 0-0: Fly out, F8 (Flyball, 8RM)
Batting: LHB Mike Blue 0-0: Ball
1-0: Called Strike
1-1: Called Strike
1-2: SINGLE (Groundball, 15S) (infield hit)
Armando Esparza to third
Nate Cates to second
Batting: RHB Stan Hughes 0-0: Ball
1-0: Foul Ball, location: 2F
1-1: Called Strike
1-2: Strikes out swinging
Top of the 9th over - 1 run(s), 2 hit(s), 0 error(s), 3 left on base; Atlanta 7 - Toledo 6
BOTTOM OF THE 9TH
Toledo Titans batting - Pitching for Atlanta Smoke : RHP Lance Hodges
Pitching: LHP Sylvain Jolly
Batting: SHB Mustapha Gonzales 0-0: Called Strike
0-1: Swinging Strike
0-2: Fly out, F9 (Flyball, 9D)
Batting: RHB Robbie Roach 0-0: Called Strike
0-1: Swinging Strike
0-2: Ball
1-2: SINGLE (Groundball, 3L)
Batting: LHB Michael Neely 0-0: Ball
1-0: Called Strike
1-1: Ball
2-1: Ball
3-1: Base on Balls
Robbie Roach to second
Batting: RHB Enrique Pérez 0-0: Called Strike
0-1: Called Strike
0-2: Ball
1-2: Grounds into double play, 5-4-3 (Groundball, 56)
Bottom of the 9th over - 0 run(s), 1 hit(s), 0 error(s), 1 left on base; Atlanta 7 - Toledo 6
This league is powered by Out of the Park Baseball, the baseball management simulation game for PC, Mac and Linux
Saturday, July 25th, 2015 - OOTP Baseball 15.6 Build 34